AoeStats
← ninja34t5

Arena

506560706Analyzed
1v1 RM · 18d ago on Sep 14, 2026· 59m 34s· 2 players
Game mode
Random Map
Map size
Tiny (2 player)
Population
200
Speed
Normal
Resources
Standard
Victory
Conquest
Starting age
Dark Age
Ending age
Imperial Age
RankedLock teamsTeams togetherTeam positionsShared explorationLock speedFull tech treeHidden civsTurbo modeCheats
Victory
Defeat
🇳🇮 Byzantines · Nicaragua
269
+11
🇺🇸 Spanish · United States
156
-11
mauriciojosemoraga2
7:33 Loom
10:44 Feudal Age
20:29 Castle Age
18:33 Double-Bit Axe
19:31 Horse Collar
23:27 Wheelbarrow
22:52 Gold Mining
24:06 Scale Mail Armor
25:00 Fletching
26:46 Elite Skirmisher
27:28 Bodkin Arrow
29:13 Squires
30:09 Gambesons
31:31 Heavy Plow
32:10 Thumb Ring
31:29 Pikeman
32:34 Bow Saw
32:57 Padded Archer Armor
36:38 Imperial Age
35:49 Scale Barding Armor
37:07 Ballistics
36:28 Treadmill Crane
36:59 Arson
39:05 Chemistry
37:51 Arrowslits
38:34 Chain Barding Armor
38:26 Husbandry
38:36 Heavy Camel Rider
39:48 Light Cavalry
41:19 Conscription
42:02 Gold Shaft Mining
41:19 Stone Mining
44:37 Halberdier
45:36 Chain Mail Armor
47:00 Hussar
52:58 Plate Barding Armor
52:34 Forging
55:21 Iron Casting
54:47 Bracer
58:43 Plate Mail Armor
58:29 Leather Archer Armor
ninja34t5
16:20 Feudal Age
14:36 Loom
19:38 Wheelbarrow
18:56 Horse Collar
20:07 Double-Bit Axe
20:25 Town Watch
20:55 Man-at-Arms
26:25 Castle Age
25:18 Arson
25:47 Bloodlines
26:15 Gold Mining
27:34 Heavy Plow
29:46 Hand Cart
30:44 Bow Saw
32:25 Pikeman
33:06 Squires
33:16 Scale Mail Armor
34:29 Elite Skirmisher
35:26 Fortified Wall
36:56 Husbandry
38:44 Town Patrol
40:07 Gambesons
40:32 Scale Barding Armor
40:43 Chain Mail Armor
40:29 Padded Archer Armor
43:11 Imperial Age
44:33 Elite Conquistador
44:54 Light Cavalry
45:14 Halberdier
47:19 Two-Man Saw
48:13 Chemistry
50:55 Cavalier
53:30 Leather Archer Armor
Connection lost

Rejoining the realm…

Still unreachable

The connection could not be restored.

Session expired

The server has moved on; the page needs a fresh start.